 Dungeon Crawl Stone Soup version 0.31.0-11-ge490571c62 (webtiles) character file.

Game seed: 11391008747652173648

214 qw the Shooter (level 5, -7/26 HPs)
             Began as a Spriggan Hunter on Feb 3, 2024.
             Mangled by a gnoll
             ... wielding a +0 flail of protection
              (8 damage)
             ... on level 3 of the Dungeon.
             The game lasted 00:00:07 (2104 turns).

qw the Shooter (Spriggan Hunter)                    Turns: 2104, Time: 00:00:08

Health: -7/26      AC:  2    Str:  5 (7)  XL:     5   Next: 59%
Magic:  0/6        EV: 20    Int: 11      God:
Gold:   99         SH:  0    Dex: 19 (20) Spells: 4/4 levels left

rFire   . . .        a - +1 shortbow (heavy)
rCold   . . .        (shield currently unavailable)
rNeg    . . .        c - +0 robe
rPois   +            (helmet restricted)
rElec   .            (no cloak)
rCorr   .            (gloves unavailable)
SInv    +            (boots unavailable)
Will    .....        g - amulet of guardian spirit
Stlth   ++           h - ring of poison resistance
HPRegen 0.24/turn    (no ring)
MPRegen 0.10/turn

%: guardian spirit
@: very quick
A: very small, no large weapons, unfitting armour, see invisible, speed 3
a: no special abilities


You were on level 3 of the Dungeon.
You visited 1 branch of the dungeon, and saw 3 of its levels.

You collected 99 gold pieces.


Innate Abilities, Weirdness & Mutations

You are very small and have problems with some larger weapons.
You are too small for most types of armour.
You have supernaturally acute eyesight. (SInv)
You cover ground extremely quickly. (Speed+++)


   Skills:
 - Level 2.0 Fighting
 + Level 5.7 Ranged Weapons
 - Level 5.2 Dodging
 - Level 1.5 Stealth


You had 4 spell levels left.
You didn't know any spells.
Your spell library was empty.

Inventory:

Hand Weapons
 a - a +1 heavy shortbow (weapon)
Armour
 c - a +0 robe (worn)
Jewellery
 g - an amulet of guardian spirit (around neck)
 h - a ring of poison resistance (left hand)
Scrolls
 j - a scroll of identify
 k - 2 scrolls of brand weapon
 l - 2 scrolls of revelation {unknown}
 n - a scroll of teleportation
Potions
 b - a potion of magic {unknown}
 d - a potion of haste
 e - a potion of ambrosia {unknown}
 f - a potion of curing {unknown}
 i - a potion of heal wounds {unknown}

Dungeon Overview and Level Annotations

Branches:
Dungeon (3/15)

Altars:
Ashenzari
Uskayaw

Shops:
D:2 (


Message History

There is an open door here.
You shoot an arrow. The arrow hits the hobgoblin.
The hobgoblin is lightly wounded.
You shoot an arrow. The arrow barely misses the hobgoblin.
You shoot an arrow. The arrow barely misses the hobgoblin.
You shoot an arrow. The arrow hits the hobgoblin!
You kill the hobgoblin! 2 gnolls come into view.
The gnoll shouts!
You shoot an arrow. The gnoll shouts!
The arrow hits the gnoll but does no damage.
You hear a shout!
A gnoll comes into view. It is wielding a +0 spear.
A gnoll comes into view.
It is wielding a +0 flail of protection.
You shoot an arrow. The arrow closely misses the gnoll.
The gnoll shouts!
You shoot an arrow. The arrow closely misses the gnoll.
The arrow barely misses the gnoll.
You shoot an arrow. The arrow barely misses the gnoll.
The gnoll closely misses you.
You shoot an arrow. The arrow hits the gnoll!
The gnoll is almost dead.
The gnoll hits you from afar with a +0 spear. x2
The gnoll hits you with a +0 flail.
The gnoll hits you from afar with a +0 spear.
The gnoll hits you with a +0 flail! The gnoll closely misses you.
You shoot an arrow. The arrow hits the gnoll.
You kill the gnoll!
The gnoll hits you from afar with a +0 spear.
The gnoll completely misses you. x2
The gnoll hits you from afar with a +0 spear.
The gnoll misses you. x2
You feel your intelligence returning.
You shoot an arrow. The arrow hits the gnoll.
The gnoll is moderately wounded.
The gnoll hits you but does no damage.
The gnoll hits you from afar with a +0 spear!
The gnoll hits you with a +0 flail of protection!
You die...

.......<...........########.
#...###'########............
...............#..%###......
...............#...# #.#####
...........)...#...###.#####
.#############.#............
.........#.#...###......
.....g...#'#...##......#
......)@.......##......#
.....gg........##......#
.......#################
....... ....... ####### # #
##


You could see 3 gnolls.

Vanquished Creatures
  An orc wizard (D:3)
  Natasha (D:2)
  6 gnolls
  4 adders
  2 dart slugs
  A ribbon worm (D:3)
  4 orcs (D:3)
  5 ball pythons
  6 endoplasms
  A giant cockroach (D:2)
  4 goblins
  6 hobgoblins
  3 jackals (D:2)
  6 quokkas
  8 bats
  2 frilled lizards
  3 kobolds
  A rat (D:2)
64 creatures vanquished.

Notes
Turn   | Place    | Note
-------+----------+-------------------------------------------
     0 | D:1      | qw the Spriggan Hunter began the quest for the Orb.
     0 | D:1      | Reached XP level 1. HP: 10/10 MP: 2/2
     0 | D:1      | 0 ||| qw: Version: 0.3-a-157-g843a77d
     0 | D:1      | 0 ||| qw: Game counter: 4032
     0 | D:1      | 0 ||| qw: Melee chars always use a shield: true
     0 | D:1      | 0 ||| qw: God list: Okawaru
     0 | D:1      | 0 ||| qw: Allow faded altars: false
     0 | D:1      | 0 ||| qw: Do Orc after clearing Dungeon:15 true
     0 | D:1      | 0 ||| qw: Do second Lair branch before Depths: true
     0 | D:1      | 0 ||| qw: Lair rune preference: random
     0 | D:1      | 0 ||| qw: Goals: Normal
     0 | D:1      | 0 ||| PLANNING D:1-11
   118 | D:1      | Reached skill level 3 in Dodging
   234 | D:1      | Reached XP level 2. HP: 8/14 MP: 3/3
   661 | D:1      | 661 ||| UPGRADING to ring of poison resistance.
   662 | D:1      | 662 ||| READING scroll labelled LIUBLO GOUWAQA.
   663 | D:1      | 663 ||| READING scroll labelled ROHATEREDI.
   668 | D:1      | 668 ||| READING scroll labelled COAMUR CIHAUMA.
   668 | D:1      | 668 ||| ENCHANTING +0 shortbow.
   669 | D:1      | 669 ||| READING 3 scrolls labelled GOQAWO YSKU.
   669 | D:1      | 669 ||| BRANDING +1 shortbow.
   670 | D:1      | 670 ||| READING 2 scrolls of brand weapon.
   670 | D:1      | 670 ||| BRANDING +1 shortbow of flaming.
   671 | D:1      | 671 ||| DROPPING scroll of butterflies.
   703 | D:2      | Reached XP level 3. HP: 18/18 MP: 4/4
   731 | D:2      | Found a hide-covered altar of Uskayaw.
   886 | D:2      | Found Dorem's Weapon Emporium.
  1073 | D:2      | 1073 ||| FLEEEEING.
  1080 | D:2      | 1080 ||| FLEEEEING.
  1081 | D:2      | 1081 ||| FLEEEEING.
  1082 | D:2      | 1082 ||| FLEEEEING.
  1335 | D:2      | Reached XP level 4. HP: 22/22 MP: 5/5
  1387 | D:2      | Noticed Natasha
  1390 | D:2      | Killed Natasha
  1447 | D:2      | 1447 ||| UPGRADING to amulet of guardian spirit.
  1452 | D:2      | 1452 ||| READING scroll labelled RIROOD CUISEUSS.
  1453 | D:2      | 1453 ||| READING scroll labelled CIAKI JIAFUDA.
  1454 | D:2      | 1454 ||| READING scroll labelled HEM TIYDUNGEH.
  1454 | D:2      | 1454 ||| IDENTIFYING ruby potion
  1455 | D:2      | 1455 ||| READING scroll labelled KAQOKI ANELUA.
  1456 | D:2      | 1456 ||| READING scroll labelled BALYOT OWKOPNEL.
  1557 | D:2      | 1557 ||| DRINKING 2 fuming brown potions.
  1608 | D:2      | 1608 ||| DRINKING 2 silvery potions.
  1609 | D:2      | 1609 ||| DROPPING potion of lignification.
  1610 | D:2      | 1610 ||| DROPPING potion of degeneration.
  1684 | D:3      | Reached XP level 5. HP: 26/26 MP: 6/6
  1743 | D:3      | Found a broken altar of Ashenzari.
  2104 | D:3      | HP: 1/26 [gnoll/+0 spear (6)]
  2104 | D:3      | Mangled by a gnoll

Levels and vault maps discovered:
D:1:      dpeg_arrival_chambers_temple_mockup, layout_basic
D:2:      minmay_razor_zed, layout_basic, basic_altar, serial_shops, shop,
          uniq_natasha
D:3:      layout_basic, cheibrodos_ashenzari_chains, uniq_crazy_yiuf_cottage

Skill      XL: |  1  2  3  4 |
---------------+-------------+-----
Dodging        | 3 4 5 |  5.2
Ranged Weapons | 5 |  5.7
Fighting       | 2 |  2.0
Stealth        | |  1.5

Action                     |  1- 3 |  4- 6 || total
---------------------------+-------+-------++-------
   Fire: Shortbow          |    78 |    69 ||   147
    Use: Scroll            |     5 |     5 ||    10
         Potion            |       |     2 ||     2
 Armour: Robe              |    11 |    19 ||    30
  Dodge: Dodged            |    42 |    26 ||    68

Table legend:
 A = Non-vault XP
 B = Vault XP
 C = Vault XP percentage of total XP
 D = Non-vault monster count
 E = Vault monster count
 F = Vault count percentage of total count
                 A         B        C        D         E       F
            +---------+---------+-------+---------+---------+-------
      Total |     232 |      74 |  24.2 |      53 |      11 |  17.2
            +---------+---------+-------+---------+---------+-------
        D:1 |      40 |       0 |   0.0 |      15 |       0 |   0.0
        D:2 |      45 |      74 |  62.2 |      19 |      11 |  36.7
        D:3 |     147 |       0 |   0.0 |      19 |       0 |   0.0
            +---------+---------+-------+---------+---------+-------
